 Dungeon Crawl Stone Soup version 0.28-a0-1190-g77e1c55843 (webtiles) character file.

Game seed: 6670228700716803015

5249 freelancePsychic the Thaumaturge (level 10, -11/75 HPs)
             Began as a Djinni Necromancer on Dec 18, 2021.
             Was a Follower of Uskayaw.
             Mangled by a boulder beetle (49 damage)
             ... on level 9 of the Dungeon.
             The game lasted 00:27:29 (13190 turns).

freelancePsychic the Thaumaturge (DjNe)            Turns: 13190, Time: 00:27:29

Health: -11/75     AC:  9    Str:  7    XL:     10   Next: 93%
Gold:   456        EV: 12    Int: 22    God:    Uskayaw [*.....] SH:  0 Dex: 19

rFire   + + .      SeeInvis .   a - +0 dagger (holy)
rCold   . . .      Faith    .   (no shield)
rNeg    . . .      Spirit   .   D - +0 steam dragon scales
rPois   ∞          Reflect  .   x - +0 helmet
rElec   .          Harm     .   A - +2 cloak
rCorr   .          Rampage  .   (no gloves)
Will    +....                   (boots unavailable)
Stlth   +++.......              (no amulet)
HPRegen 0.22/turn               f - +6 ring of dexterity
MPRegen 0.00/turn               y - ring of protection from cold

@: flying
A: sickness immunity, fire resistance 2, cold vulnerability 1, float, innate
caster, hp casting, extra vitality 1
a: Renounce Religion, Stomp


You were on level 9 of the Dungeon.
You worshipped Uskayaw.
Uskayaw was noncommittal.
You visited 2 branches of the dungeon, and saw 11 of its levels.
You also visited: Sewer.

You collected 456 gold pieces.

Inventory:

Hand Weapons
 a - a +0 dagger of holy wrath (weapon)
 b - a +1 hunting sling of venom
 v - a +0 dagger
Missiles
 d - 284 stones
Armour
 x - a +0 helmet (worn)
 A - a +2 cloak (worn)
 D - +0 steam dragon scales (worn)
Magical Staves
 p - a staff of conjuration
Jewellery
 f - a +6 ring of dexterity (left hand)
 y - a ring of protection from cold (right hand)
 G - a ring of fire
Wands
 h - a wand of polymorph (6)
 k - a wand of iceblast (11)
 m - a wand of flame (30)
Scrolls
 n - a scroll of teleportation {@r4}
 t - a scroll of enchant weapon
 z - a scroll of magic mapping
 B - 2 scrolls of vulnerability
 C - a scroll of acquirement {unknown}
 E - a scroll of enchant armour
 F - a scroll of fog {unknown}
Potions
 e - 2 potions of mutation
 g - a potion of cancellation {unknown}
 i - 3 potions of heal wounds {unknown}
 j - 2 potions of resistance {unknown}
 l - 2 potions of magic {unknown}
 q - 2 potions of ambrosia {unknown}
 r - a potion of curing {@q1}
 s - 3 potions of brilliance {unknown}
 u - a potion of might {unknown}
 w - 2 potions of invisibility {unknown}


   Skills:
 + Level 7.5 Fighting
 + Level 3.0 Short Blades
 - Level 2.1 Dodging
 + Level 3.6 Stealth
 * Level 8.9 Spellcasting
 - Level 6.2 Invocations


You had 2 spell levels left.
You knew the following spells:

 Your Spells              Type           Power      Damage    Failure   Level
a - Pain                  Necr           100%       1d9       1%          1
b - Tukima's Dance        Hex            49%        N/A       1%          3
c - Vampiric Draining     Necr           49%        2d9       1%          3
d - Animate Dead          Necr           24%        N/A       1%          4
e - Agony                 Necr           49%        N/A       4%          5
f - Summon Small Mammal   Summ           100%       N/A       1%          1
g - Blink                 Tloc           98%        N/A       1%          2
h - Animate Skeleton      Necr           98%        N/A       1%          1
i - Leda's Liquefaction   Hex/Erth       24%        N/A       1%          4
Your spell library was empty.

Dungeon Overview and Level Annotations

Branches:
Dungeon (10/15)            Temple (1/1) D:7           Sewer (visited)
   Lair: D:8-11         Orc: D:9-12

Altars:
Ashenzari
Cheibriados
Dithmenos
Fedhas
Gozag
Hepliaklqana
Kikubaaqudgha
Makhleb
Nemelex Xobeh
Okawaru
Qazlal
Ru
Sif Muna
Trog
Uskayaw
Yredelemnul
Zin
The Shining One

Shops:
D:4 =(=   D:5 *

Annotations:
D:2 Natasha


Innate Abilities, Weirdness & Mutations

You are immune to sickness and miasma.
You are immune to poison.
Your flesh is very heat resistant. (rF++)
You are vulnerable to cold. (rC-)
You float through the air rather than walking.
You learn spells naturally, not from books.
Your magical power is your life essence.
You have superior vitality. (+4 HP)


Message History

The centaur warrior zombie barely misses you.
The centaur warrior zombie kicks you but does no damage.
The centaur warrior zombie misses you.
The centaur warrior zombie kicks you but does no damage.
You fly upwards.
There is a stone staircase leading down here.
You start resting.
A boulder beetle is nearby!
You start resting.
A boulder beetle is nearby!
Casting: Vampiric Draining (safe; 1% risk of failure)
Confirm with . or Enter, or press ? or * to list all spells.
Okay, then.
The boulder beetle curls into a ball and begins rolling!
Casting: Vampiric Draining (safe; 1% risk of failure)
Confirm with . or Enter, or press ? or * to list all spells.
You blink.
Casting: Blink (safe; 1% risk of failure)
Confirm with . or Enter, or press ? or * to list all spells.
You blink.
Casting: Blink (safe; 1% risk of failure)
Confirm with . or Enter, or press ? or * to list all spells.
You blink. 3 yaks come into view.
The yak bellows! x2; You hear a bellow! x2
A yak comes into view.
Casting: Blink (safe; 1% risk of failure)
Confirm with . or Enter, or press ? or * to list all spells.
You blink.
The boulder beetle misses you.
The boulder beetle stops rolling and uncurls.
Casting: Blink (safe; 1% risk of failure)
Confirm with . or Enter, or press ? or * to list all spells.
You blink.
A yak comes into view.
The boulder beetle curls into a ball and begins rolling!
A yak comes into view.
The yak bellows!
The boulder beetle hits you!!!
Ouch! That really hurt!
You die...

....................#..
..............########.###
......Y......#......#....
.....Y.......'......#....
..Y.Y.YY..°.#......#.###
..........°.#'######.# #
##......○...........# #
#.....B......>B....# #
#....@.........°...# #
#...............§..#
####################


You could see a boulder beetle (rolling) and 6 yaks.

Vanquished Creatures
  A troll (D:8)
  A shadow (D:8)
  A yak (D:10)
  A wyvern (D:8)
  7 steam dragons
  Menkaure (D:7)
  3 orc warriors
  3 water moccasins (D:7)
  2 black bears
  A sky beast (D:5)
  An ice beast (D:7)
  2 ogres
  6 centaurs
  6 kobold brigands
  4 bullfrogs
  2 gnoll sergeants
  4 scorpions
  A howler monkey (D:6)
  A bullfrog zombie (D:7)
  A centaur zombie (D:9)
  3 hounds
  5 orc priests
  2 iguanas
  6 orc wizards
  A hound skeleton (D:5)
  6 gnolls
  10 adders
  2 river rats (Sewer)
  2 white imps
  An adder zombie (D:5)
  An adder skeleton (D:4)
  5 worms
  3 dart slugs
  18 orcs
  13 endoplasms
  6 giant cockroaches
  8 goblins
  6 hobgoblins
  16 kobolds
  3 quokkas
  12 ball pythons
  3 bats
  5 frilled lizards
  7 rats
193 creatures vanquished.

Vanquished Creatures (collateral kills)
  An orc warrior (D:8)
  A water moccasin skeleton (D:5)
  A gnoll (D:6)
  An orc (D:7)
4 creatures vanquished.

Vanquished Creatures (others)
  A dancing weapon (D:8)
  An orc wizard (D:8)
  2 orcs (D:8)
4 creatures vanquished.

Grand Total: 201 creatures vanquished

Notes
Turn   | Place    | Note
-------+----------+-------------------------------------------
     0 | D:1      | freelancePsychic the Djinni Necromancer began the quest for
                  | the Orb.
     0 | D:1      | Reached XP level 1. HP: 15/15 MP: 0/0
   402 | D:1      | Reached XP level 2. HP: 11/22 MP: 0/0
   867 | D:1      | Reached skill level 1 in Fighting
  1307 | D:1      | Found a faded altar of an unknown god.
  1349 | D:1      | Prayed at the altar of an unknown god.
  1349 | D:1      | Became a worshipper of Uskayaw the Reveller
  1349 | D:1      | Reached * piety under Uskayaw
  1365 | D:1      | Reached XP level 3. HP: 8/27 MP: 0/0
  1365 | D:1      | Learned a level 1 spell: Summon Small Mammal
  1786 | D:2      | Reached ** piety under Uskayaw
  2526 | D:2      | Noticed Natasha
  2596 | D:2      | Reached XP level 4. HP: 32/32 MP: 0/0
  3066 | D:3      | Reached skill level 4 in Spellcasting
  3066 | D:3      | Reached skill level 1 in Invocations
  3296 | D:3      | Reached XP level 5. HP: 26/38 MP: 0/0
  3296 | D:3      | Learned a level 2 spell: Blink
  3702 | D:3      | Found a basalt altar of Yredelemnul.
  3764 | D:3      | Found a shadowy altar of Dithmenos.
  4007 | D:4      | Reached *** piety under Uskayaw
  4010 | D:4      | Reached **** piety under Uskayaw
  4013 | D:4      | Reached XP level 6. HP: 21/45 MP: 0/0
  4219 | D:4      | Found Xiwyi's Antique Weapon Boutique.
  4240 | D:4      | Found a sparkling altar of Nemelex Xobeh.
  4595 | D:4      | Found Xacw's Jewellery Shop.
  4778 | D:4      | Found Ejaoh's Jewellery Shop.
  5061 | D:5      | Entered Level 5 of the Dungeon
  5301 | D:5      | Found Kamuamox's Assorted Antiques.
  5335 | D:5      | Noticed a black bear
  5345 | D:5      | Killed a black bear
  5346 | D:5      | Reached skill level 5 in Spellcasting
  5346 | D:5      | Reached XP level 7. HP: 48/50 MP: 0/0
  5346 | D:5      | Learned a level 3 spell: Tukima's Dance
  5361 | D:5      | Found a glowing drain.
  5373 | Sewer    | Entered a sewer
  5926 | Sewer    | Reached XP level 8. HP: 46/58 MP: 0/0
  6317 | D:5      | Reached skill level 6 in Spellcasting
  7138 | D:6      | You are sucked into a shaft and drop 2 floors!
  7138 | D:8      | Noticed a wyvern
  7143 | D:8      | Killed a wyvern
  7314 | D:8      | Reached skill level 5 in Fighting
  7314 | D:8      | Reached XP level 9. HP: 64/65 MP: 0/0
  7314 | D:8      | Learned a level 4 spell: Leda's Liquefaction
  7326 | D:8      | Reached ***** piety under Uskayaw
  7329 | D:8      | Reached skill level 5 in Invocations
  7342 | D:8      | Reached ****** piety under Uskayaw
  7343 | D:8      | Reached skill level 7 in Spellcasting
  8657 | D:7      | Noticed a troll
  8666 | D:8      | Killed a troll
  9154 | D:7      | Noticed Menkaure
  9157 | D:7      | Killed Menkaure
  9526 | D:6      | Reached XP level 10. HP: 72/73 MP: 0/0
  9883 | D:6      | Reached skill level 8 in Spellcasting
 10211 | D:6      | Reached skill level 1 in Short Blades
 10356 | D:7      | Found a staircase to the Ecumenical Temple.
 10878 | Temple   | Entered the Ecumenical Temple
 11813 | D:9      | Found a burning altar of Makhleb.
 11926 | D:9      | Noticed a boulder beetle
 12589 | D:10     | Entered Level 10 of the Dungeon
 12610 | D:10     | Noticed a two-headed ogre
 12736 | D:9      | HP: 2/75 [two-headed ogre (25)]
 13190 | D:9      | Mangled by a boulder beetle

Illustrated notes

Levels and vault maps discovered:
D:1:      dpeg_arrival_water_temple_mockup, layout_rooms,
          dreamdust_ecumenical_altar_hidden_monk_grotto
D:2:      layout_basic, uniq_natasha
D:3:      layout_rooms, old_standard_altar, nicolae_dithmenos_shadow_blocks
D:4:      layout_basic, lemuel_crystal_altar, serial_shops, shop, shop,
          nicolae_lakefront_shop
D:5:      layout_basic, serial_shops, nicolae_take_the_stairs,
          portal_sewer_entry_a
D:6:      layout_basic, grunt_decor_clamped
D:7:      layout_cave_pools, temple_statues, kb_lookout_dungeons_type,
          grunt_ministairs_2, grunt_tough_drop, uniq_menkaure,
          uniq_crazy_yiuf_cottage
D:8:      layout_layer_cave
D:9:      layout_irregular_city, overflow_temple_1_default, minmay_circle_x
D:10:     layout_basic, gammafunk_temple_overflow_statue, david_orc_2,
          serial_shops, nicolae_stop_n_shop_2, chequers_avenue,
          hangedman_abyss_or_decor_passed, hangedman_decor_push,
          minmay_fractal_squares_diagonal_5
Temple:   eino_temple_rhombus

Skill      XL: |  1  2  3  4  5  6  7  8  9 10 |
---------------+-------------------------------+-----
Fighting       | 1 2 3 5 6 7 |  7.5
Spellcasting   | 4 5 6 7 8 |  8.9
Invocations    | 1 2 3 4 6 |  6.2
Short Blades   | 3 |  3.0
Stealth        | 3 |  3.6
Dodging        | |  2.1

Action                   |  1- 3 |  4- 6 |  7- 9 | 10-12 || total
-------------------------+-------+-------+-------+-------++-------
Melee: Dagger            |       |       |     8 |   159 ||   167
 Fire: Hunting sling     |    53 |   170 |   152 |       ||   375
 Cast: Pain              |    50 |    13 |     3 |       ||    66
       Vampiric Draining |     3 |    21 |    78 |   102 ||   204
       Animate Skeleton  |       |       |     1 |       ||     1
       Tukima's Dance    |       |       |     8 |     2 ||    10
       Agony             |       |       |     1 |       ||     1
       Leda's Liquefacti |       |       |     1 |       ||     1
       Blink             |       |       |       |     5 ||     5
  Use: Scroll            |       |     7 |     9 |     4 ||    20
       Potion            |       |       |       |     3 ||     3
 Stab: Paralysed         |       |       |       |     8 ||     8
Armor: Robe              |     8 |    15 |    20 |       ||    43
       Steam dragon scal |       |       |    11 |   123 ||   134
Dodge: Dodged            |    34 |    35 |    74 |   218 ||   361

Table legend: (Time is in decaauts)
 A = Elapsed time spent in this place.
 B = Non-inter-level travel time spent in this place.
 C = Inter-level travel time spent in this place.
 D = Time resting spent in this place.
 E = Time spent auto-exploring this place.
 F = Levels seen in this place.
 G = Mean time per level.
                   A        B        C        D        E       F      G
               +--------+--------+--------+--------+--------+-----+--------+
         Total |  13262 |  12791 |    471 |   1389 |   9331 |  12 | 1105.2 |
       Dungeon |  12235 |  11779 |    456 |   1097 |   8836 |  10 | 1223.5 |
        Temple |    353 |    338 |     15 |    292 |      0 |   1 |  353.0 |
         Sewer |    673 |    673 |      0 |      0 |    495 |   1 |  673.0 |
               +--------+--------+--------+--------+--------+-----+--------+

Top non-repeatable levels by time:
     D:8: 2207 daAuts
     D:1: 2039 daAuts
     D:5: 1407 daAuts
     D:9: 1278 daAuts
     D:6: 1251 daAuts
     D:4: 1089 daAuts
     D:2: 1010 daAuts
     D:3: 981 daAuts
     D:7: 924 daAuts
   Sewer: 673 daAuts
  Temple: 353 daAuts
    D:10: 45 daAuts
